 Dungeon Crawl Stone Soup version 0.27-a0-1191-g601b473118 (webtiles) character file.

Game seed: 11362017853053694728

473 Zonian the Ruffian (level 6, -7/57 HPs)
             Began as a Troll Gladiator on May 25, 2021.
             Was a Follower of Ru.
             Killed from afar by Dowan (14 damage)
             ... with a stone arrow
             ... on level 4 of the Dungeon.
             The game lasted 00:05:50 (2522 turns).

Zonian the Ruffian (Troll Gladiator)                Turns: 2522, Time: 00:05:51

Health: -7/57      AC:  5    Str: 23    XL:     6   Next: 83%
Magic:  5/5        EV: 10    Int:  4    God:    Ru [*.....]
Gold:   110        SH:  0    Dex: 13    Spells: 5/5 levels left

rFire    . . .     SeeInvis .     - Unarmed
rCold    . . .     Faith    .   (no shield)
rNeg     . . .     Spirit   .   a - +0 robe
rPois    .         Reflect  .   b - +1 hat
rElec    .         Harm     .   (no cloak)
rCorr    .         Rampage  .   (gloves unavailable)
Will     .....                  (boots unavailable)
Stlth    +.........             (no amulet)
HPRegen  1.19/turn              q - ring of wizardry
MPRegen  0.09/turn              (no ring)

@: lethally poisoned (-7 -> -8)
A: large, unfitting armour, claws 3, regeneration 1, shaggy fur 1, tough skin 1,
unskilled 1
a: Renounce Religion


You were on level 4 of the Dungeon.
You worshipped Ru.
Ru was aware of your devotion.
You visited 1 branch of the dungeon, and saw 4 of its levels.

You collected 110 gold pieces.

Inventory:

Hand Weapons
 h - a +2 antimagic dire flail
Missiles
 c - 2 throwing nets (quivered)
Armour
 a - a +0 robe (worn)
 b - a +1 hat (worn)
Magical Staves
 s - a staff of cold
Jewellery
 p - an amulet of faith
 q - a ring of wizardry (left claw)
 r - a ring of poison resistance
Scrolls
 g - a scroll of enchant armour
 j - a scroll of amnesia
 o - a scroll of fog
Potions
 d - 3 potions of haste
 e - a potion of degeneration {unknown}
 f - 3 potions of brilliance
 i - a potion of lignification {unknown}
 l - a potion of heal wounds
 m - 3 potions of curing


   Skills:
 + Level 2.1 Fighting
 + Level 1.7 Throwing
 + Level 3.4 Dodging
 + Level 0.6 Stealth
 + Level 5.7 Unarmed Combat


You had 5 spell levels left.
You didn't know any spells.
Your spell library contained the following spells:

 Spells                   Type           Power      Damage    Failure   Level
 Sandblast                Erth           0%         2d4       22%         1
 Passwall                 Tmut/Erth      0%         N/A       32%         2
 Stone Arrow              Conj/Erth      0%         3d7       52%         3
 Petrify                  Tmut/Erth      0%         N/A       89%         4
 Lee's Rapid Deconstruct  Erth           0%         3d5*      99%         5


Dungeon Overview and Level Annotations

Branches:
Dungeon (4/15)
 Temple: D:4-7

Altars:
Ru

Annotations:
D:4 Dowan


Innate Abilities, Weirdness & Mutations

You are too large for most types of armour.
You have claws for hands.
Your natural rate of healing is unusually fast.
You are covered in fur. (AC +1)
You have tough skin. (AC +1)
You are somewhat unskilled. (-1 Apt)


Message History

You claw Duvessa!
You kill Duvessa!
Dowan's eyes darken. "You have made a black mistake."
Dowan seems to find hidden reserves of power!
Unknown command.
Dowan mumbles some strange words.
Dowan blinks!
Dowan hits you with a +2 dagger of venom!
You are poisoned.
You claw Dowan! You claw Dowan, but do no damage.
Dowan is moderately wounded.
You feel very sick. Dowan barely misses you.
You scratch Dowan.
Dowan is moderately wounded.
You feel sick. Dowan closely misses you.
You claw Dowan!
Dowan is almost dead.
You feel sick.
Dowan hits you with a +2 dagger of venom.
* * * LOW HITPOINT WARNING * * *
Dowan hits you with a +2 dagger of venom.
* * * LOW HITPOINT WARNING * * *
You are more poisoned.
You barely miss Dowan.
Dowan is almost dead.
You feel very sick.
Dowan casts a spell.
Dowan blinks!
Unknown command.
Throw: 3 throwing nets
Press: ? - help, Q - select action Shift-Dir - straight line, f - Dowan
Aim: Dowan, wielding a +2 dagger of venom and wearing a +0 robe (almost dead, fast, 46% to hit)
You throw a throwing net. The throwing net hits Dowan.
Dowan is caught in the net!
Dowan is almost dead.
You feel sick.
Dowan points at you and mumbles some strange words.
The stone arrow hits you!
You die...

.......# .....#
#)..## .... #...##
.... ##.e.## ....#
##...# ....# #...#
....# ##ยง..#
....## ##.@.##
#...# #####....#
#..)#####......###
##...))....######
#(..##...###
#.####..## .##
#..# ## #..# #
##.#


You could see Dowan (fast, caught).

Vanquished Creatures
  Edmund (D:4)
  Duvessa (D:4)
  A necrophage (D:4)
  A hound skeleton (D:4)
  7 gnolls
  2 adders
  An ufetubus (D:2)
  A worm (D:2)
  An orc (D:3)
  3 ball pythons
  2 bats (D:3)
  5 endoplasms
  A giant cockroach (D:1)
  7 goblins
  6 hobgoblins
  15 jackals
  3 quokkas
  2 frilled lizards (D:2)
  4 kobolds
  3 rats
67 creatures vanquished.

Notes
Turn   | Place    | Note
-------+----------+-------------------------------------------
     0 | D:1      | Zonian the Troll Gladiator began the quest for the Orb.
     0 | D:1      | Reached XP level 1. HP: 19/19 MP: 0/0
   260 | D:1      | Reached XP level 2. HP: 27/27 MP: 1/1
   738 | D:2      | Reached XP level 3. HP: 34/35 MP: 2/2
   862 | D:2      | Reached skill level 4 in Unarmed Combat
   911 | D:2      | Found a faded altar of an unknown god.
   964 | D:2      | Became a worshipper of Ru the Awakened
   968 | D:2      | Gained mutation: You are somewhat unskilled. (-1 Apt) [Ru
                  | sacrifice]
   968 | D:2      | Reduced skill Unarmed Combat to level 3
   968 | D:2      | Reached * piety under Ru
  1271 | D:3      | Reached XP level 4. HP: 42/42 MP: 3/3
  1374 | D:3      | Reached skill level 4 in Unarmed Combat
  2259 | D:4      | Noticed a necrophage
  2264 | D:4      | Killed a necrophage
  2265 | D:4      | Reached XP level 5. HP: 45/49 MP: 4/4
  2318 | D:4      | Noticed Edmund
  2338 | D:4      | Killed Edmund
  2339 | D:4      | Reached skill level 5 in Unarmed Combat
  2339 | D:4      | Reached XP level 6. HP: 21/57 MP: 0/5
  2499 | D:4      | Noticed Duvessa
  2500 | D:4      | Noticed Dowan
  2512 | D:4      | Killed Duvessa
  2522 | D:4      | Killed from afar by Dowan

Illustrated notes

Levels and vault maps discovered:
D:1:      giann_forest_graveyard, layout_basic
D:2:      layout_basic, hellmonk_ecumenical_altar_blasted
D:3:      layout_basic
D:4:      layout_layer_cave, gammafunk_ghost_nasty_kobolds, uniq_pikel,
          uniq_edmund, uniq_duvessa

Skill      XL: |  1  2  3  4  5 |
---------------+----------------+-----
Unarmed Combat | 3 4 5 |  5.7
Dodging        | 3 |  3.4
Fighting       | 2 |  2.1
Throwing       | |  1.7
Stealth        | |  0.6

Action                   |  1- 3 |  4- 6 || total
-------------------------+-------+-------++-------
Melee: Unarmed           |    91 |    71 ||   162
       Punch             |     1 |     5 ||     6
Throw: Throwing net      |       |     2 ||     2
Invok: Sacrifice Skill   |     1 |       ||     1
  Use: Scroll            |       |     9 ||     9
       Potion            |       |     1 ||     1
 Stab: Sleeping          |       |     1 ||     1
       Held in net/web   |       |     1 ||     1
Armor: Robe              |    32 |    14 ||    46
Dodge: Dodged            |    43 |    24 ||    67

Table legend: (Time is in decaauts)
 A = Elapsed time spent in this place.
 B = Non-inter-level travel time spent in this place.
 C = Inter-level travel time spent in this place.
 D = Time resting spent in this place.
 E = Time spent auto-exploring this place.
 F = Levels seen in this place.
 G = Mean time per level.
                   A        B        C        D        E       F      G
               +--------+--------+--------+--------+--------+-----+--------+
         Total |   2508 |   2441 |     67 |    130 |   1877 |   4 |  627.0 |
       Dungeon |   2508 |   2441 |     67 |    130 |   1877 |   4 |  627.0 |
               +--------+--------+--------+--------+--------+-----+--------+

Top non-repeatable levels by time:
     D:3: 1009 daAuts
     D:1: 639 daAuts
     D:2: 560 daAuts
     D:4: 299 daAuts
